 Dungeon Crawl Stone Soup version 0.29-a0-334-gb41bcbb86e (webtiles) character file.

Game seed: 6545929678586306171

1659 Jortsu the Cleaver (level 9, -6/78 HPs)
             Began as a Hill Orc Fighter on Apr 14, 2022.
             Mangled by a skeletal warrior
             ... wielding a +0 mace
              (15 damage)
             ... on level 7 of the Dungeon.
             The game lasted 00:07:52 (7267 turns).

Jortsu the Cleaver (Hill Orc Fighter)               Turns: 7267, Time: 00:07:52

Health: -6/78      AC: 15    Str: 23    XL:     9   Next: 0%
Magic:  9/9        EV: 10    Int:  8    God:
Gold:   243        SH:  4    Dex: 10    Spells: 8/8 levels left

rFire   + . .      SeeInvis .   a - +3 war axe
rCold   + . .      Faith    .   c - +0 buckler
rNeg    . . .      Spirit   .   b - +0 plate armour
rPois   +          Reflect  .   (no helmet)
rElec   .          Harm     .   g - scarf {rC+ rF+}
rCorr   .          Rampage  .   r - +1 pair of gloves
Will    .....                   (no boots)
Stlth   ..........              (no amulet)
HPRegen 0.23/turn               h - +4 ring of evasion
MPRegen 0.11/turn               v - ring of poison resistance

@: studying Slings
A: no striking features
a: no special abilities


You were on level 7 of the Dungeon.
You visited 1 branch of the dungeon, and saw 7 of its levels.

You collected 243 gold pieces.

Inventory:

Hand Weapons
 a - a +3 war axe (weapon)
Missiles
 i - a throwing net (quivered)
Armour
 b - a +0 plate armour (worn)
 c - a +0 buckler (worn)
 g - a scarf of resistance (worn)
 l - a scarf of repulsion
 r - a +1 pair of gloves (worn)
Jewellery
 d - a +4 ring of evasion
 h - a +4 ring of evasion (left hand)
 k - an amulet of faith
 s - a ring of willpower
 v - a ring of poison resistance (right hand)
 A - a ring of ice
Wands
 t - a wand of iceblast (3)
 u - a wand of paralysis (6)
 x - a wand of polymorph (4)
Scrolls
 j - a scroll of amnesia
 m - 5 scrolls of teleportation
 p - 2 scrolls of immolation
 y - a scroll of identify
 z - a scroll of magic mapping
 B - a scroll of silence {unknown}
Potions
 e - a potion of mutation
 f - a potion of curing
 n - a potion of cancellation
 o - a potion of magic
 q - a potion of resistance
 w - 2 potions of brilliance


   Skills:
 + Level 6.8 Fighting
 + Level 10.0 Axes
 + Level 6.9 Armour
 + Level 1.1 Dodging
 + Level 1.2 Stealth
 + Level 4.4 Shields


You had 8 spell levels left.
You didn't know any spells.
Your spell library contained the following spells:

 Spells                   Type           Power      Damage    Failure   Level
 Animate Skeleton         Necr           0%         N/A       100%        1
 Pain                     Necr           0%         1d4       100%        1
 Vampiric Draining        Necr           0%         2d6       100%        3


Dungeon Overview and Level Annotations

Branches:
Dungeon (7/15)             Temple (0/1) D:6

Altars:
Xom

Shops:
D:5 :


Message History

You completely miss the skeletal warrior.
You block the skeletal warrior's attack.
You barely miss the skeletal warrior.
The skeletal warrior hits you but does no damage.
You closely miss the skeletal warrior.
The skeletal warrior hits you with a +0 mace!
You closely miss the skeletal warrior.
The skeletal warrior hits you with a +0 mace.
You closely miss the skeletal warrior.
A skeletal warrior comes into view. It is wielding a +0 glaive.
The skeletal warrior hits you with a +0 mace!
You hit the skeletal warrior.
The skeletal warrior is lightly damaged.
The skeletal warrior hits you but does no damage.
You hit the skeletal warrior.
The skeletal warrior is lightly damaged.
The skeletal warrior hits you with a +0 mace!!
You barely miss the skeletal warrior.
The skeletal warrior is lightly damaged.
The skeletal warrior hits you with a +0 mace!
* * * LOW HITPOINT WARNING * * *
You barely miss the skeletal warrior.
The skeletal warrior is lightly damaged.
The skeletal warrior closely misses you.
You barely miss the skeletal warrior.
The skeletal warrior is lightly damaged.
The skeletal warrior hits you with a +0 mace.
* * * LOW HITPOINT WARNING * * *
The skeletal warrior misses you.
You hit the skeletal warrior but do no damage.
The skeletal warrior is lightly damaged.
You block the skeletal warrior's attack.
You hit the skeletal warrior but do no damage.
The skeletal warrior is lightly damaged.
The skeletal warrior hits you with a +0 mace.
* * * LOW HITPOINT WARNING * * *
You slash the skeletal warrior!
The skeletal warrior is moderately damaged.
The skeletal warrior hits you with a +0 mace!
You die...

.....###....
...........
..........
.....>.#.
#..z....# ##z#
#zz# #z## ##@#
.## #..# ...#.
##..## ....#
#....### ......
###....##......
###...#......
##.........
##......#
#.......#


You could see 4 skeletal warriors.

Vanquished Creatures
  Joseph (D:7)
  A vampire mosquito (D:7)
  Menkaure (D:4)
  An ice beast (D:7)
  A black bear (D:6)
  A centaur (D:5)
  A kobold brigand (D:6)
  Blork the orc (D:4)
  A gnoll sergeant (D:7)
  A necrophage (D:7)
  A howler monkey (D:3)
  A jelly (D:7)
  Crazy Yiuf (D:2)
  5 hounds
  2 iguanas (D:6)
  An orc wizard (D:6)
  3 gnolls (D:3)
  8 adders
  A shadow imp (D:6)
  3 white imps
  2 ufetubi
  2 worms
  2 dart slugs
  13 orcs
  5 ball pythons
  3 bats
  11 endoplasms
  4 giant cockroaches
  7 goblins
  6 hobgoblins
  10 jackals
  4 quokkas
  2 frilled lizards
  13 kobolds
  8 rats
128 creatures vanquished.

Notes
Turn   | Place    | Note
-------+----------+-------------------------------------------
     0 | D:1      | Jortsu the Hill Orc Fighter began the quest for the Orb.
     0 | D:1      | Reached XP level 1. HP: 19/19 MP: 1/1
    63 | D:1      | Reached XP level 2. HP: 25/27 MP: 2/2
   342 | D:1      | Reached skill level 3 in Axes
   348 | D:1      | Reached XP level 3. HP: 23/33 MP: 3/3
   469 | D:1      | Found a faded altar of an unknown god.
  1512 | D:2      | Reached skill level 4 in Axes
  1512 | D:2      | Reached XP level 4. HP: 31/40 MP: 4/4
  1963 | D:2      | Found a runed translucent door.
  1964 | D:2      | Noticed Crazy Yiuf
  1970 | D:2      | Killed Crazy Yiuf
  2369 | D:3      | Reached XP level 5. HP: 47/47 MP: 5/5
  2909 | D:3      | Reached skill level 5 in Axes
  3262 | D:4      | Noticed Blork the orc
  3268 | D:4      | Killed Blork the orc
  3269 | D:4      | Reached skill level 5 in Fighting
  3269 | D:4      | Reached XP level 6. HP: 40/56 MP: 6/6
  3859 | D:4      | Noticed Menkaure
  3867 | D:4      | Killed Menkaure
  3868 | D:4      | Reached skill level 6 in Axes
  3868 | D:4      | Reached XP level 7. HP: 32/61 MP: 7/7
  4061 | D:5      | Entered Level 5 of the Dungeon
  4279 | D:5      | Reached skill level 1 in Stealth
  4371 | D:5      | Reached skill level 7 in Axes
  4460 | D:5      | Found Unlodur's Self-Improvement Boutique.
  5014 | D:6      | Found a staircase to the Ecumenical Temple.
  5362 | D:6      | Reached skill level 5 in Armour
  5649 | D:6      | You fall into a shaft and drop 1 floor!
  6137 | D:6      | Found a shimmering altar of Xom.
  6147 | D:6      | Reached skill level 8 in Axes
  6147 | D:6      | Reached XP level 8. HP: 51/70 MP: 8/8
  6165 | D:6      | Identified the +1 robe of the Pleiades {Int+4}
  6432 | D:7      | Noticed Joseph
  6450 | D:7      | Killed Joseph
  6451 | D:7      | Reached skill level 9 in Axes
  6451 | D:7      | Reached skill level 1 in Dodging
  6965 | D:7      | Reached skill level 10 in Axes
  6965 | D:7      | Reached XP level 9. HP: 23/78 MP: 9/9
  7242 | D:7      | Noticed a skeletal warrior
  7242 | D:7      | Noticed a skeletal warrior
  7251 | D:7      | Noticed a skeletal warrior
  7259 | D:7      | Noticed a skeletal warrior
  7267 | D:7      | Mangled by a skeletal warrior

Illustrated notes

Levels and vault maps discovered:
D:1:      lemuel_arrival_tunnels, layout_rooms,
          hellmonk_ecumenical_altar_run_dry, serial_bayou_pond_b,
          minmay_misc_feat_square
D:2:      layout_basic, uniq_crazy_yiuf_cottage
D:3:      layout_rooms, chequers_serial_rivers_micro_b
D:4:      layout_loops_ring, uniq_menkaure, uniq_blork_the_orc
D:5:      layout_loops_cross, nicolae_shop_self_help
D:6:      cheibrodos_iron_armory, layout_layer_cave,
          minmay_temple_entry_glassed_door, kennysheep_diamond
D:7:      layout_layer_cave, nrook_mini_vaults, minmay_manual_mess, uniq_joseph

Skill      XL: |  1  2  3  4  5  6  7  8 |
---------------+-------------------------+-----
Axes           | 3 4 5 6 8 10 | 10.0
Fighting       | 4 5 6 |  6.8
Armour         | 4 5 6 |  6.9
Shields        | 4 |  4.4
Stealth        | 1 |  1.2
Dodging        | 1 |  1.1

Action                   |  1- 3 |  4- 6 |  7- 9 || total
-------------------------+-------+-------+-------++-------
Melee: War axe           |    84 |   101 |   167 ||   352
  Use: Scroll            |     6 |     4 |     7 ||    17
       Potion            |       |     1 |       ||     1
Armor: Scale mail        |    44 |    23 |       ||    67
       Chain mail        |       |     7 |       ||     7
       Plate armour      |       |    32 |    92 ||   124
Dodge: Dodged            |    39 |    29 |    74 ||   142
Block: Buckler           |    22 |    22 |    30 ||    74

Table legend: (Time is in decaauts)
 A = Elapsed time spent in this place.
 B = Non-inter-level travel time spent in this place.
 C = Inter-level travel time spent in this place.
 D = Time resting spent in this place.
 E = Time spent auto-exploring this place.
 F = Levels seen in this place.
 G = Mean time per level.
                   A        B        C        D        E       F      G
               +--------+--------+--------+--------+--------+-----+--------+
         Total |   7357 |   7225 |    132 |   1615 |   4505 |   7 | 1051.0 |
       Dungeon |   7357 |   7225 |    132 |   1615 |   4505 |   7 | 1051.0 |
               +--------+--------+--------+--------+--------+-----+--------+

Top non-repeatable levels by time:
     D:2: 1432 daAuts
     D:6: 1370 daAuts
     D:4: 1062 daAuts
     D:7: 999 daAuts
     D:1: 975 daAuts
     D:3: 860 daAuts
     D:5: 656 daAuts
